 Dungeon Crawl Stone Soup version 0.30-a0-141-g30f27751c5 (webtiles) character file.

Game seed: 15155337573388927329

650 qw the Chopper (level 7, 0/44 HPs)
             Began as a Gargoyle Fighter on Sept 25, 2022.
             Slain by Edmund
             ... wielding a +7 flail of protection
              (14 damage)
             ... on level 4 of the Dungeon.
             The game lasted 00:01:21 (3580 turns).

qw the Chopper (Gargoyle Fighter)                   Turns: 3580, Time: 00:01:22

Health: 0/44       AC: 17    Str: 21      XL:     7   Next: 53%
Magic:  7/7        EV:  7    Int:  9      God:
Gold:   180        SH:  9    Dex:  6 (9)  Spells: 6/6 levels left

rFire   . . .      SeeInvis .    Y - +1 war axe
rCold   . . .      Faith    .    c - +0 buckler
rNeg    + . .      Spirit   .    s - +0 chain mail
rPois   inf        Reflect  +    r - +0 helmet
rElec   +          Harm     .    k - +0 cloak
rCorr   .          Rampage  .    (no gloves)
Will    .....                    u - +0 pair of boots
Stlth   ..........               f - amulet of reflection
HPRegen 0.14/turn                (no ring)
MPRegen 0.10/turn                (no ring)

@: no status effects
A: sickness immunity, AC +4, negative energy resistance 1, electricity
resistance, torment resistance 1, petrification resistance
a: no special abilities


You were on level 4 of the Dungeon.
You visited 1 branch of the dungeon, and saw 4 of its levels.

You collected 180 gold pieces.


Innate Abilities, Weirdness & Mutations

You are immune to sickness and miasma.
Your stone body is resilient. (AC +4)
You are immune to poison.
You resist negative energy. (rN+)
You are resistant to electric shocks. (rElec)
You are resistant to unholy torment.
You are immune to petrification.


   Skills:
 - Level 4.9 Fighting
 + Level 6.8 Axes
 - Level 3.2 Armour
 - Level 3.2 Shields


You had 6 spell levels left.
You didn't know any spells.
Your spell library was empty.

Inventory:

Hand Weapons
 n - a +0 morningstar
 Y - a +1 war axe (weapon)
Missiles
 m - 4 boomerangs (quivered)
Armour
 c - a +0 buckler (worn)
 k - a +0 cloak (worn)
 r - a +0 helmet (worn)
 s - a +0 chain mail (worn)
 u - a +0 pair of boots (worn)
Jewellery
 f - an amulet of reflection (around neck)
Scrolls
 a - a scroll of identify
Potions
 b - a potion of cancellation {unknown}
 d - 2 potions of might
 g - 2 potions of curing
 i - a potion of mutation
 l - a potion of invisibility {unknown}
 q - a potion of ambrosia {unknown}
 t - a potion of haste

Dungeon Overview and Level Annotations

Branches:
Dungeon (4/15)
 Temple: D:4-7

Altars:
Makhleb
Trog

Annotations:
D:3 3 runed translucent doors, qw's ghost, amateur GrFi
D:4 Edmund


Message History

Edmund is severely wounded.
Edmund hits you but does no damage.
You closely miss Edmund.
Edmund is severely wounded.
Edmund hits you with a +7 flail of protection.
You hit Edmund but do no damage.
Edmund is severely wounded.
Edmund hits you with a +7 flail of protection. x2
You hit Edmund but do no damage.
Edmund is severely wounded.
You block Edmund's attack.
You barely miss Edmund.
Edmund is severely wounded.
Edmund hits you with a +7 flail of protection!
3573 ||| DRINKING potion of heal wounds.
You feel much better. Edmund hits you but does no damage.
You hit Edmund but do no damage.
Edmund is severely wounded.
You block Edmund's attack.
You barely miss Edmund.
Edmund is severely wounded.
You block Edmund's attack.
You closely miss Edmund.
Edmund is severely wounded.
Edmund hits you but does no damage.
Edmund hits you with a +7 flail of protection!
You barely miss Edmund.
Edmund is severely wounded.
Edmund hits you with a +7 flail of protection!
You slash Edmund!
Edmund is almost dead.
Edmund hits you with a +7 flail of protection.
You hit Edmund.
Edmund is almost dead.
You block Edmund's attack.
You closely miss Edmund.
Edmund is almost dead.
Edmund hits you with a +7 flail of protection!
You die...

######### #.@...... #@# #.#
#######.###### .............#
.............#
.............###
...............
#######.#<#..########
##########.......###........<#


You could see Edmund.

Vanquished Creatures
  Grinder (D:4)
  Sigmund (D:4)
  Eustachio (D:4)
  An orc priest (D:3)
  An orc wizard (D:3)
  2 adders
  A worm (D:2)
  2 dart slugs
  7 orcs (D:3)
  5 ball pythons
  5 endoplasms
  3 giant cockroaches
  5 goblins
  3 hobgoblins
  4 jackals (D:3)
  6 kobolds
  4 quokkas
  6 bats
  3 frilled lizards
  7 rats
68 creatures vanquished.

Notes
Turn   | Place    | Note
-------+----------+-------------------------------------------
     0 | D:1      | qw the Gargoyle Fighter began the quest for the Orb.
     0 | D:1      | Reached XP level 1. HP: 14/14 MP: 1/1
     0 | D:1      | 0 ||| qw: Version: 0.2-a-10-g399e6c4
     0 | D:1      | 0 ||| qw: Game counter: 195
     0 | D:1      | 0 ||| qw: Always use a shield: true
     0 | D:1      | 0 ||| qw: God list: Okawaru
     0 | D:1      | 0 ||| qw: Allow faded altars: false
     0 | D:1      | 0 ||| qw: Do Orc after D:15 true
     0 | D:1      | 0 ||| qw: Do second Lair branch before Depths: true
     0 | D:1      | 0 ||| qw: Lair rune preference: random
     0 | D:1      | 0 ||| qw: Plans: Normal, Zot:1-4, God:TSO, Crypt, Tomb,
                  | Pan, Slime:5, Hells, Abyss, Orb
     0 | D:1      | 0 ||| PLANNING D:1-11
    54 | D:1      | Reached skill level 2 in Axes
    83 | D:1      | 83 ||| Stepping ~*~*~tactically~*~*~ (stealth).
    95 | D:1      | 95 ||| Stepping ~*~*~tactically~*~*~ (stealth).
    96 | D:1      | 96 ||| Stepping ~*~*~tactically~*~*~ (stealth).
   100 | D:1      | 100 ||| Stepping ~*~*~tactically~*~*~ (stealth).
   101 | D:1      | 101 ||| Stepping ~*~*~tactically~*~*~ (stealth).
   182 | D:1      | Reached XP level 2. HP: 19/19 MP: 2/2
   225 | D:1      | Noticed a great orb of eyes
   227 | D:1      | Found a faded altar of an unknown god.
   238 | D:1      | Noticed a golden eye
   267 | D:1      | Noticed an eye of devastation
   284 | D:1      | Noticed a golden eye
   477 | D:1      | 477 ||| DROPPING +0 club.
   566 | D:1      | Reached skill level 3 in Axes
   692 | D:1      | Reached XP level 3. HP: 23/23 MP: 3/3
   827 | D:1      | 827 ||| UPGRADING to +0 cloak.
   832 | D:1      | 832 ||| UPGRADING to amulet of reflection.
   837 | D:1      | 837 ||| READING 2 scrolls labelled HESIGER OR MUKK.
   838 | D:1      | 838 ||| READING 2 scrolls labelled DOCADE ELOGIC.
   839 | D:1      | 839 ||| DRINKING 2 amethyst potions.
   840 | D:1      | 840 ||| DROPPING scroll of blinking.
  1172 | D:2      | 1172 ||| DROPPING +0 whip.
  1268 | D:2      | 1268 ||| Stepping ~*~*~tactically~*~*~ (stealth).
  1270 | D:2      | 1270 ||| Stepping ~*~*~tactically~*~*~ (stealth).
  1373 | D:2      | 1373 ||| Stepping ~*~*~tactically~*~*~ (stealth).
  1609 | D:2      | 1609 ||| UPGRADING to +0 helmet.
  1614 | D:2      | 1614 ||| READING scroll labelled ADAZXE LOUTOSM.
  1615 | D:2      | 1615 ||| READING scroll labelled ROSONO UTSIUCU.
  1616 | D:2      | 1616 ||| READING 2 scrolls labelled CUAPSU LAUCEM.
  1617 | D:2      | 1617 ||| READING scroll labelled CAUC EFEYFENOF.
  1618 | D:2      | 1618 ||| READING scroll labelled VUUQOLIXTA.
  1621 | D:2      | 1621 ||| DROPPING scroll of magic mapping.
  1683 | D:3      | Reached skill level 4 in Axes
  1683 | D:3      | Reached XP level 4. HP: 28/28 MP: 4/4
  1706 | D:3      | 1706 ||| Stepping ~*~*~tactically~*~*~ (stealth).
  1707 | D:3      | 1707 ||| Stepping ~*~*~tactically~*~*~ (stealth).
  1709 | D:3      | 1709 ||| Stepping ~*~*~tactically~*~*~ (stealth).
  1710 | D:3      | 1710 ||| Stepping ~*~*~tactically~*~*~ (stealth).
  1744 | D:3      | 1744 ||| Stepping ~*~*~tactically~*~*~ (stealth).
  1749 | D:3      | 1749 ||| FLEEEEING.
  1753 | D:3      | 1753 ||| FLEEEEING.
  1754 | D:3      | 1754 ||| FLEEEEING.
  1973 | D:3      | Reached XP level 5. HP: 18/32 MP: 5/5
  2214 | D:3      | Found a runed translucent gate.
  2214 | D:3      | Found a runed translucent gate.
  2214 | D:3      | Found a runed translucent gate.
  2214 | D:3      | Noticed qw's ghost (amateur GrFi)
  2546 | D:3      | 2546 ||| UPGRADING to +0 chain mail.
  2556 | D:3      | 2556 ||| DROPPING +0 scale mail.
  2557 | D:3      | 2557 ||| UPGRADING to +0 pair of boots.
  2562 | D:3      | 2562 ||| READING scroll labelled CAMUNLIT UREO.
  2563 | D:3      | 2563 ||| DRINKING 2 purple potions.
  2564 | D:3      | 2564 ||| DRINKING 2 fuming sapphire potions.
  2565 | D:3      | 2565 ||| DRINKING 2 blue potions.
  2566 | D:3      | 2566 ||| READING 4 scrolls of identify.
  2566 | D:3      | 2566 ||| IDENTIFYING red potion
  2567 | D:3      | 2567 ||| READING 3 scrolls of identify.
  2567 | D:3      | 2567 ||| IDENTIFYING sedimented cyan potion
  2568 | D:3      | 2568 ||| READING 2 scrolls of identify.
  2568 | D:3      | 2568 ||| IDENTIFYING metallic blue potion
  2569 | D:3      | 2569 ||| DROPPING potion of flight.
  2570 | D:3      | 2570 ||| DROPPING potion of berserk rage.
  2571 | D:3      | 2571 ||| DROPPING potion of degeneration.
  2695 | D:4      | Found a bloodstained altar of Trog.
  2713 | D:4      | Found a burning altar of Makhleb.
  2714 | D:4      | Noticed Grinder
  2716 | D:4      | Paralysed by Grinder for 3 turns
  2727 | D:4      | Paralysed by Grinder for 5 turns
  2739 | D:4      | Paralysed by Grinder for 4 turns
  2748 | D:4      | Paralysed by Grinder for 4 turns
  2777 | D:4      | Paralysed by Grinder for 2 turns
  2786 | D:4      | Killed Grinder
  2787 | D:4      | Reached skill level 6 in Axes
  2787 | D:4      | Reached XP level 6. HP: 22/37 MP: 6/6
  3060 | D:4      | Noticed Sigmund
  3074 | D:4      | 3074 ||| DRINKING 3 potions of curing.
  3074 | D:4      | 3074 ||| (to cure confusion)
  3081 | D:4      | Killed Sigmund
  3082 | D:4      | Reached XP level 7. HP: 26/44 MP: 7/7
  3284 | D:4      | Noticed Eustachio
  3314 | D:4      | Killed Eustachio
  3555 | D:4      | Noticed Edmund
  3565 | D:4      | HP: 5/44 [Edmund/+7 flail of protection (8)]
  3566 | D:4      | 3566 ||| DRINKING 2 potions of heal wounds.
  3572 | D:4      | HP: 11/44 [Edmund/+7 flail of protection (8)]
  3573 | D:4      | 3573 ||| DRINKING potion of heal wounds.
  3580 | D:4      | Slain by Edmund

Levels and vault maps discovered:
D:1:      lightli_arrival_lavapool, layout_basic,
          hellmonk_ecumenical_altar_watching_god
D:2:      minmay_general_purpose_star, layout_basic
D:3:      layout_loops_ring, gammafunk_ghost_necromancy,
          minmay_misc_feat_secret_circle
D:4:      layout_basic, chequers_temple_overflow_minitemple,
          mainiacjoe_overflow_large_starburst, kennysheep_generic_room_12,
          uniq_eustachio, uniq_grinder, uniq_edmund, uniq_crazy_yiuf_cottage,
          uniq_sigmund

Skill      XL: |  1  2  3  4  5  6 |
---------------+-------------------+-----
Axes           | 2 3 4 6 |  6.8
Fighting       | 4 |  4.9
Armour         | |  3.2
Shields        | |  3.2

Action                   |  1- 3 |  4- 6 |  7- 9 || total
-------------------------+-------+-------+-------++-------
Melee: War axe           |   100 |    90 |    47 ||   237
Throw: Boomerang         |       |    16 |     4 ||    20
  Use: Scroll            |     7 |     4 |       ||    11
       Potion            |     1 |     4 |     2 ||     7
Armor: Scale mail        |    37 |    20 |       ||    57
       Chain mail        |       |    14 |    80 ||    94
Dodge: Dodged            |    39 |    25 |    42 ||   106
Block: Buckler           |    28 |    37 |    57 ||   122
       Reflection        |       |     2 |       ||     2

Table legend:
 A = Non-vault XP
 B = Vault XP
 C = Vault XP percentage of total XP
 D = Non-vault monster count
 E = Vault monster count
 F = Vault count percentage of total count
                 A         B        C        D         E       F
            +---------+---------+-------+---------+---------+-------
      Total |     212 |     717 |  77.2 |      62 |       6 |   8.8
            +---------+---------+-------+---------+---------+-------
        D:1 |      35 |       0 |   0.0 |      20 |       0 |   0.0
        D:2 |      24 |       5 |  17.2 |      14 |       3 |  17.6
        D:3 |     134 |       0 |   0.0 |      24 |       0 |   0.0
        D:4 |      19 |     712 |  97.4 |       4 |       3 |  42.9
            +---------+---------+-------+---------+---------+-------
